[ PARTIDA AOE2 · #475668845 ]
UnrankedPersas vs Persians
[ ANÁLISIS DE REPETICIÓN · EXTRAÍDO DE LA PARTIDA GRABADA ]
Feudal
11:57
Castillos
17:07
Imperial
32:12
| APM promedio | 33.5 |
| APM pico | 70 |
| eAPM promedio | 16.7 |
| Aldeanos / militares | 90 / 10 |
Foco
⚔️ 23.7% · 🌾 76.3%
Fishing Ship ×11 · Mangonel ×3 · Trebuchet (Packed) ×3 · Monk ×2 · Fire Galley ×2 · Unknown (2626) ×1
Feudal
11:58
Castillos
17:04
Imperial
—
| APM promedio | 23.4 |
| APM pico | 63 |
| eAPM promedio | 14.3 |
| Aldeanos / militares | 84 / 11 |
Foco
⚔️ 17.0% · 🌾 83.0%
Fishing Ship ×7 · War Elephant ×5 · Mangonel ×3 · Monk ×2 · Knight ×1
Feudal
14:19
Castillos
18:02
Imperial
—
| APM promedio | 48.2 |
| APM pico | 109 |
| eAPM promedio | 27.6 |
| Aldeanos / militares | 135 / 22 |
Foco
⚔️ 47.4% · 🌾 52.6%
Rattan Archer ×18 · Fishing Ship ×7 · Monk ×3 · Battering Ram ×1 · Unknown (2626) ×1
Feudal
12:41
Castillos
19:06
Imperial
—
| APM promedio | 38.0 |
| APM pico | 80 |
| eAPM promedio | 17.9 |
| Aldeanos / militares | 95 / 28 |
Foco
⚔️ 27.4% · 🌾 72.6%
Archer ×19 · Fishing Ship ×19 · Longboat ×5 · Mangonel ×2 · Spearman ×2 · Unknown (2626) ×2
Mapa de la partida
Recursos iniciales + cada clic de construcción. Líneas = muros · curvas = relieve. ◆ oro · ⬟ piedra · ● bayas · ✦ reliquia · ◌ hueco del cierre
Tu base· Abierta — flanco sin cerrar
Base de ademcalis18· Abierta — hueco de 5t
Base de HR Benja23· Abierta — flanco sin cerrar
Base de Mangonelson Mandela· Abierta — hueco de 7t
Terreno inicial suavizado · ◌ = hueco del cierre detectado · pasá el cursor para detalles
Inputs por minuto
— HR petro - - ademcalis18
Build order — HR petro
Primeras 150 de 211 acciones detectadas
| 0:06 | Construir | Town Center |
| 0:31 | Construir | Dock |
| 0:34 | Construir | House |
| 2:21 | Crear | Villager (Male) |
| 2:21 | Crear | Villager (Male) |
| 2:21 | Crear | Villager (Male) |
| 2:22 | Crear | Villager (Male) |
| 2:22 | Crear | Villager (Male) |
| 2:22 | Crear | Villager (Male) |
| 2:40 | Crear | Fishing Ship |
| 2:41 | Crear | Fishing Ship |
| 3:34 | Crear | Villager (Male) |
| 3:34 | Crear | Villager (Male) |
| 3:48 | Construir | House |
| 4:29 | Crear | Fishing Ship |
| 4:30 | Crear | Fishing Ship |
| 4:42 | Crear | Villager (Male) |
| 5:14 | Crear | Villager (Male) |
| 5:14 | Crear | Villager (Male) |
| 5:16 | Crear | Fishing Ship |
| 5:22 | Construir | House |
| 5:37 | Crear | Villager (Male) |
| 5:55 | Crear | Villager (Male) |
| 5:57 | Crear | Fishing Ship |
| 6:11 | Investigar | Loom |
| 6:26 | Crear | Villager (Male) |
| 6:30 | Crear | Villager (Male) |
| 6:30 | Crear | Villager (Male) |
| 6:32 | Crear | Fishing Ship |
| 6:41 | Construir | House |
| 6:50 | Construir | House |
| 6:52 | Crear | Villager (Male) |
| 7:12 | Crear | Villager (Male) |
| 7:27 | Construir | Outpost |
| 7:30 | Crear | Villager (Male) |
| 7:30 | Crear | Villager (Male) |
| 7:40 | Crear | Fishing Ship |
| 7:40 | Crear | Fishing Ship |
| 8:28 | Construir | House |
| 8:32 | Crear | Fishing Ship |
| 8:37 | Crear | Villager (Male) |
| 9:04 | Crear | Villager (Male) |
| 9:10 | Construir | Mining Camp |
| 9:53 | Investigar | Feudal Age |
| 10:24 | Construir | House |
| 10:42 | Crear | Fishing Ship |
| 10:59 | Construir | Palisade Wall |
| 11:19 | Crear | Villager (Male) |
| 11:20 | Crear | Villager (Male) |
| 11:57 | Edad | Edad Feudal |
| 12:04 | Construir | Watch Tower |
| 12:28 | Construir | Blacksmith |
| 12:33 | Crear | Villager (Male) |
| 12:40 | Construir | Mill |
| 12:48 | Crear | Villager (Male) |
| 13:11 | Crear | Villager (Male) |
| 13:15 | Construir | Palisade Wall |
| 13:15 | Construir | Palisade Wall |
| 13:16 | Construir | Palisade Wall |
| 13:17 | Construir | Palisade Wall |
| 13:40 | Construir | Market |
| 13:54 | Crear | Villager (Male) |
| 13:57 | Crear | Villager (Male) |
| 14:29 | Investigar | Tech 906 |
| 14:34 | Construir | House |
| 14:41 | Investigar | Castle Age |
| 15:07 | Construir | Watch Tower |
| 15:32 | Crear | Villager (Male) |
| 15:40 | Construir | Palisade Wall |
| 15:41 | Construir | Palisade Wall |
| 15:42 | Construir | Palisade Wall |
| 15:42 | Construir | Palisade Wall |
| 15:51 | Construir | Mining Camp |
| 17:06 | Crear | Unit 2626 |
| 17:07 | Edad | Edad de los Castillos |
| 17:16 | Crear | Villager (Male) |
| 17:28 | Crear | Villager (Male) |
| 17:48 | Construir | Castle |
| 17:57 | Construir | Monastery |
| 18:11 | Crear | Villager (Male) |
| 18:30 | Crear | Villager (Male) |
| 18:43 | Crear | Monk |
| 18:48 | Crear | Villager (Male) |
| 19:08 | Crear | Villager (Male) |
| 19:28 | Crear | Villager (Male) |
| 19:42 | Crear | Monk |
| 19:47 | Crear | Villager (Male) |
| 20:16 | Crear | Villager (Male) |
| 20:17 | Crear | Villager (Male) |
| 20:31 | Construir | House |
| 20:45 | Crear | Villager (Male) |
| 20:46 | Crear | Villager (Male) |
| 20:51 | Crear | Villager (Male) |
| 21:04 | Construir | House |
| 21:11 | Crear | Villager (Male) |
| 21:13 | Construir | Siege Workshop |
| 21:31 | Crear | Villager (Male) |
| 21:39 | Investigar | Gillnets |
| 21:55 | Crear | Mangonel |
| 22:17 | Construir | Mill |
| 22:18 | Construir | Farm |
| 22:19 | Construir | Farm |
| 22:19 | Construir | Farm |
| 22:19 | Construir | Farm |
| 22:19 | Construir | Farm |
| 22:20 | Construir | Farm |
| 22:20 | Construir | Farm |
| 22:48 | Crear | Villager (Male) |
| 22:48 | Crear | Villager (Male) |
| 22:48 | Crear | Villager (Male) |
| 23:53 | Crear | Villager (Male) |
| 23:58 | Crear | Mangonel |
| 24:04 | Construir | Mill |
| 24:31 | Crear | Villager (Male) |
| 24:31 | Crear | Villager (Male) |
| 25:05 | Crear | Villager (Male) |
| 25:06 | Crear | Villager (Male) |
| 25:08 | Construir | Mill |
| 25:08 | Construir | Farm |
| 25:09 | Construir | Farm |
| 25:09 | Construir | Farm |
| 25:09 | Construir | Farm |
| 25:09 | Construir | Farm |
| 25:11 | Investigar | Horse Collar |
| 25:23 | Crear | Villager (Male) |
| 25:37 | Crear | Villager (Male) |
| 25:41 | Construir | Mining Camp |
| 25:42 | Crear | Villager (Male) |
| 25:44 | Construir | Lumber Camp |
| 25:54 | Crear | Villager (Male) |
| 26:15 | Construir | Outpost |
| 26:23 | Construir | Mill |
| 26:51 | Investigar | Double-Bit Axe |
| 27:01 | Construir | Outpost |
| 27:04 | Investigar | Town Watch |
| 27:21 | Crear | Villager (Male) |
| 27:31 | Construir | Watch Tower |
| 27:37 | Crear | Mangonel |
| 27:39 | Crear | Villager (Male) |
| 27:39 | Crear | Villager (Male) |
| 27:42 | Construir | Watch Tower |
| 28:07 | Crear | Villager (Male) |
| 28:18 | Construir | Lumber Camp |
| 28:45 | Crear | Villager (Male) |
| 28:47 | Crear | Villager (Male) |
| 29:00 | Crear | Villager (Male) |
| 29:16 | Investigar | Imperial Age |
| 29:40 | Construir | Town Center |
| 29:56 | Crear | Fire Galley |
| 30:07 | Crear | Villager (Male) |
Build order — ademcalis18
Primeras 150 de 165 acciones detectadas
| 0:04 | Construir | Town Center |
| 0:20 | Construir | Dock |
| 0:22 | Construir | House |
| 2:20 | Crear | Villager (Male) |
| 2:20 | Crear | Fishing Ship |
| 2:46 | Crear | Villager (Male) |
| 2:58 | Crear | Villager (Male) |
| 3:22 | Crear | Fishing Ship |
| 3:33 | Crear | Villager (Male) |
| 3:34 | Investigar | Loom |
| 3:43 | Construir | House |
| 4:04 | Crear | Villager (Male) |
| 4:11 | Crear | Villager (Male) |
| 4:44 | Crear | Villager (Male) |
| 5:07 | Crear | Fishing Ship |
| 5:17 | Crear | Villager (Male) |
| 5:47 | Construir | House |
| 5:55 | Crear | Villager (Male) |
| 6:18 | Crear | Villager (Male) |
| 6:34 | Crear | Villager (Male) |
| 6:45 | Crear | Villager (Male) |
| 6:47 | Crear | Fishing Ship |
| 6:50 | Construir | House |
| 7:02 | Crear | Villager (Male) |
| 7:12 | Crear | Villager (Male) |
| 7:35 | Crear | Villager (Male) |
| 7:38 | Crear | Fishing Ship |
| 7:52 | Crear | Fishing Ship |
| 8:01 | Construir | House |
| 8:10 | Crear | Villager (Male) |
| 8:39 | Crear | Villager (Male) |
| 8:56 | Construir | Mining Camp |
| 9:28 | Crear | Villager (Male) |
| 9:45 | Construir | Dock |
| 9:49 | Investigar | Feudal Age |
| 10:17 | Construir | Mill |
| 10:25 | Construir | House |
| 10:32 | Crear | Villager (Male) |
| 10:39 | Crear | Fishing Ship |
| 10:49 | Construir | House |
| 11:27 | Crear | Villager (Male) |
| 11:58 | Crear | Villager (Male) |
| 11:58 | Edad | Edad Feudal |
| 12:02 | Construir | Market |
| 12:08 | Construir | Blacksmith |
| 12:13 | Crear | Villager (Male) |
| 12:16 | Construir | Market |
| 12:24 | Construir | Market |
| 12:29 | Crear | Villager (Male) |
| 12:30 | Construir | Mining Camp |
| 13:09 | Crear | Villager (Male) |
| 13:19 | Construir | Lumber Camp |
| 13:57 | Crear | Villager (Male) |
| 14:38 | Investigar | Castle Age |
| 17:04 | Edad | Edad de los Castillos |
| 17:08 | Construir | Castle |
| 17:17 | Crear | Villager (Male) |
| 17:19 | Crear | Villager (Male) |
| 17:19 | Investigar | Fletching |
| 17:28 | Crear | Villager (Male) |
| 18:00 | Crear | Villager (Male) |
| 18:00 | Crear | Villager (Male) |
| 18:05 | Crear | War Elephant |
| 18:16 | Construir | Farm |
| 18:16 | Construir | Farm |
| 18:21 | Construir | Farm |
| 18:23 | Construir | Farm |
| 18:24 | Investigar | Double-Bit Axe |
| 18:32 | Crear | War Elephant |
| 18:43 | Crear | Villager (Male) |
| 19:11 | Crear | Villager (Male) |
| 19:17 | Crear | War Elephant |
| 19:29 | Crear | Villager (Male) |
| 19:37 | Crear | Villager (Male) |
| 19:41 | Construir | Farm |
| 19:42 | Construir | Farm |
| 19:42 | Construir | Farm |
| 20:12 | Crear | Villager (Male) |
| 20:35 | Crear | Villager (Male) |
| 20:36 | Crear | Villager (Male) |
| 20:41 | Construir | Town Center |
| 20:48 | Crear | War Elephant |
| 20:58 | Construir | Monastery |
| 21:21 | Crear | Villager (Male) |
| 21:21 | Crear | Villager (Male) |
| 21:37 | Crear | Villager (Male) |
| 21:42 | Crear | Villager (Male) |
| 21:43 | Crear | Villager (Male) |
| 21:43 | Crear | Villager (Male) |
| 21:49 | Crear | Monk |
| 21:56 | Construir | Barracks |
| 21:58 | Crear | Villager (Male) |
| 21:58 | Crear | Villager (Male) |
| 22:38 | Construir | Farm |
| 22:41 | Construir | Farm |
| 22:51 | Crear | Villager (Male) |
| 22:51 | Crear | Villager (Male) |
| 23:05 | Crear | Villager (Male) |
| 23:15 | Construir | Blacksmith |
| 23:34 | Crear | Villager (Male) |
| 23:36 | Investigar | Bodkin Arrow |
| 23:36 | Investigar | Bodkin Arrow |
| 23:51 | Construir | Lumber Camp |
| 24:38 | Crear | War Elephant |
| 24:56 | Crear | Monk |
| 25:23 | Crear | Villager (Male) |
| 25:40 | Crear | Villager (Male) |
| 25:40 | Crear | Villager (Male) |
| 25:48 | Construir | Siege Workshop |
| 26:05 | Crear | Villager (Male) |
| 26:06 | Crear | Villager (Male) |
| 26:14 | Construir | Stable |
| 26:26 | Investigar | Scale Barding Armor |
| 26:31 | Crear | Villager (Male) |
| 26:31 | Crear | Villager (Male) |
| 26:34 | Construir | Mining Camp |
| 26:42 | Crear | Villager (Male) |
| 26:42 | Crear | Villager (Male) |
| 27:33 | Construir | Stone Wall |
| 27:40 | Crear | Villager (Male) |
| 27:40 | Crear | Villager (Male) |
| 27:47 | Construir | Farm |
| 27:48 | Construir | Farm |
| 27:48 | Construir | Farm |
| 27:48 | Construir | Farm |
| 27:51 | Construir | Farm |
| 27:55 | Investigar | Wheelbarrow |
| 28:00 | Crear | Mangonel |
| 28:25 | Construir | Town Center |
| 28:39 | Crear | Villager (Male) |
| 28:39 | Crear | Villager (Male) |
| 29:00 | Crear | Mangonel |
| 29:11 | Crear | Knight |
| 29:18 | Crear | Villager (Male) |
| 29:19 | Crear | Villager (Male) |
| 29:57 | Crear | Villager (Male) |
| 29:58 | Crear | Villager (Male) |
| 30:15 | Crear | Villager (Male) |
| 30:16 | Crear | Villager (Male) |
| 30:23 | Construir | House |
| 30:26 | Construir | House |
| 30:27 | Construir | Farm |
| 30:31 | Crear | Villager (Male) |
| 30:31 | Crear | Villager (Male) |
| 30:49 | Construir | Farm |
| 30:49 | Construir | Farm |
| 30:49 | Construir | Farm |
| 30:59 | Construir | Mill |
| 31:04 | Crear | Villager (Male) |
| 31:04 | Crear | Villager (Male) |
Build order — HR Benja23
Primeras 150 de 275 acciones detectadas
| 0:32 | Construir | Town Center |
| 2:30 | Construir | House |
| 2:32 | Crear | Villager (Male) ×4 |
| 2:32 | Crear | Villager (Male) ×4 |
| 3:13 | Construir | Dock |
| 3:27 | Investigar | Loom |
| 3:56 | Crear | Fishing Ship |
| 4:08 | Construir | House |
| 4:47 | Crear | Villager (Male) |
| 4:47 | Crear | Villager (Male) |
| 5:24 | Crear | Villager (Male) |
| 5:24 | Crear | Villager (Male) |
| 5:33 | Crear | Villager (Male) |
| 5:45 | Crear | Villager (Male) |
| 6:03 | Construir | Palisade Wall |
| 6:06 | Construir | Palisade Wall |
| 6:11 | Construir | Palisade Wall |
| 6:14 | Construir | Palisade Wall |
| 6:17 | Construir | Palisade Wall |
| 6:22 | Construir | Palisade Wall |
| 6:25 | Crear | Villager (Male) |
| 6:26 | Crear | Villager (Male) |
| 6:27 | Crear | Villager (Male) |
| 6:44 | Construir | House |
| 6:52 | Crear | Villager (Male) |
| 7:11 | Crear | Villager (Male) |
| 7:14 | Crear | Fishing Ship |
| 7:51 | Construir | House |
| 8:10 | Crear | Villager (Male) |
| 8:15 | Construir | Palisade Gate |
| 8:28 | Construir | Palisade Gate |
| 8:42 | Crear | Fishing Ship |
| 8:43 | Crear | Villager (Male) |
| 8:44 | Crear | Villager (Male) |
| 8:44 | Crear | Villager (Male) |
| 8:45 | Crear | Villager (Male) |
| 8:46 | Construir | House |
| 8:49 | Construir | House |
| 8:50 | Crear | Villager (Male) |
| 9:03 | Crear | Fishing Ship |
| 9:46 | Crear | Villager (Male) |
| 9:47 | Construir | House |
| 10:00 | Crear | Fishing Ship |
| 10:32 | Crear | Villager (Male) |
| 10:36 | Construir | Dock |
| 10:43 | Crear | Villager (Male) |
| 10:46 | Construir | House |
| 10:54 | Construir | House |
| 10:58 | Construir | Mining Camp |
| 11:32 | Crear | Villager (Male) |
| 11:48 | Crear | Fishing Ship |
| 12:02 | Investigar | Feudal Age |
| 12:16 | Construir | Mill |
| 12:56 | Crear | Villager (Male) |
| 12:56 | Crear | Villager (Male) |
| 12:59 | Construir | House |
| 14:19 | Edad | Edad Feudal |
| 14:26 | Construir | Market |
| 14:28 | Construir | Blacksmith |
| 14:52 | Construir | Mining Camp |
| 15:05 | Investigar | Tech 906 |
| 15:22 | Construir | Lumber Camp |
| 15:22 | Investigar | Castle Age |
| 16:12 | Investigar | Fletching |
| 16:14 | Investigar | Stone Mining |
| 16:24 | Investigar | Double-Bit Axe |
| 16:26 | Crear | Villager (Male) |
| 16:26 | Crear | Villager (Male) |
| 17:20 | Crear | Villager (Male) |
| 17:20 | Crear | Villager (Male) |
| 17:40 | Crear | Villager (Male) |
| 18:02 | Edad | Edad de los Castillos |
| 18:12 | Construir | Castle |
| 18:16 | Investigar | Bow Saw |
| 18:24 | Construir | Dock |
| 18:31 | Crear | Villager (Male) |
| 18:41 | Investigar | Bodkin Arrow |
| 18:42 | Crear | Villager (Male) |
| 18:59 | Crear | Villager (Male) |
| 19:20 | Crear | Villager (Male) |
| 19:29 | Construir | Town Center |
| 19:37 | Crear | Villager (Male) |
| 19:43 | Crear | Rattan Archer |
| 19:43 | Crear | Rattan Archer |
| 19:46 | Crear | Villager (Male) |
| 20:00 | Crear | Villager (Male) |
| 20:04 | Crear | Rattan Archer |
| 20:19 | Crear | Villager (Male) |
| 20:20 | Crear | Villager (Male) |
| 20:20 | Crear | Villager (Male) |
| 20:47 | Crear | Villager (Male) |
| 20:49 | Crear | Rattan Archer |
| 20:50 | Crear | Rattan Archer |
| 21:28 | Crear | Rattan Archer |
| 21:28 | Crear | Rattan Archer |
| 21:37 | Construir | House |
| 21:51 | Crear | Villager (Male) |
| 21:56 | Crear | Unit 2626 |
| 22:03 | Crear | Villager (Male) |
| 22:03 | Crear | Villager (Male) |
| 22:04 | Crear | Villager (Male) |
| 22:05 | Crear | Villager (Male) |
| 22:11 | Construir | Siege Workshop |
| 22:19 | Construir | Monastery |
| 22:25 | Crear | Villager (Male) |
| 22:25 | Crear | Villager (Male) |
| 23:20 | Crear | Villager (Male) |
| 23:20 | Crear | Villager (Male) |
| 23:21 | Crear | Villager (Male) |
| 23:33 | Construir | Town Center |
| 23:58 | Construir | Farm |
| 23:59 | Construir | Farm |
| 23:59 | Construir | Farm |
| 23:59 | Construir | Farm |
| 23:59 | Construir | Farm |
| 24:00 | Construir | Farm |
| 24:00 | Construir | Farm |
| 24:00 | Construir | Farm |
| 24:05 | Crear | Villager (Male) |
| 24:05 | Crear | Villager (Male) |
| 24:08 | Crear | Villager (Male) |
| 24:09 | Crear | Villager (Male) |
| 24:15 | Crear | Battering Ram |
| 24:18 | Crear | Villager (Male) |
| 24:19 | Crear | Villager (Male) |
| 24:22 | Crear | Villager (Male) |
| 24:48 | Crear | Monk |
| 24:53 | Crear | Villager (Male) |
| 24:53 | Crear | Villager (Male) |
| 24:53 | Crear | Villager (Male) |
| 24:57 | Construir | Farm |
| 24:57 | Construir | Farm |
| 24:57 | Construir | Farm |
| 24:57 | Construir | Farm |
| 24:58 | Construir | Farm |
| 25:08 | Construir | Town Center |
| 25:11 | Crear | Villager (Male) |
| 25:12 | Crear | Villager (Male) |
| 25:12 | Crear | Villager (Male) |
| 25:18 | Construir | Farm |
| 25:18 | Construir | Farm |
| 25:18 | Construir | Farm |
| 25:18 | Construir | Farm |
| 25:19 | Construir | Farm |
| 25:38 | Crear | Villager (Male) ×3 |
| 25:46 | Construir | Farm |
| 25:52 | Crear | Villager (Male) |
| 25:58 | Crear | Fishing Ship |
| 26:22 | Crear | Monk |
| 26:28 | Crear | Villager (Male) |
Build order — Mangonelson Mandela
Primeras 150 de 227 acciones detectadas
| 0:13 | Construir | Town Center |
| 0:35 | Construir | Dock |
| 0:36 | Construir | House |
| 2:25 | Crear | Villager (Male) |
| 2:25 | Crear | Villager (Male) |
| 2:25 | Crear | Villager (Male) |
| 2:26 | Crear | Villager (Male) |
| 2:26 | Crear | Villager (Male) |
| 3:26 | Crear | Fishing Ship |
| 3:41 | Crear | Villager (Male) |
| 3:42 | Crear | Villager (Male) |
| 3:49 | Construir | Palisade Wall |
| 3:53 | Construir | Palisade Wall |
| 4:18 | Construir | House |
| 4:32 | Investigar | Loom |
| 4:54 | Crear | Villager (Male) |
| 5:14 | Crear | Villager (Male) |
| 5:14 | Crear | Villager (Male) |
| 5:21 | Crear | Fishing Ship |
| 5:26 | Construir | House |
| 5:45 | Crear | Villager (Male) |
| 5:45 | Crear | Villager (Male) |
| 5:49 | Crear | Fishing Ship |
| 5:50 | Crear | Fishing Ship |
| 6:18 | Crear | Villager (Male) |
| 6:18 | Crear | Villager (Male) |
| 6:39 | Crear | Villager (Male) |
| 6:40 | Crear | Fishing Ship |
| 7:01 | Crear | Villager (Male) |
| 7:06 | Construir | House |
| 7:40 | Crear | Villager (Male) |
| 7:40 | Crear | Villager (Male) |
| 7:57 | Construir | House |
| 8:10 | Crear | Villager (Male) |
| 8:33 | Construir | House |
| 8:43 | Crear | Villager (Male) |
| 8:44 | Crear | Villager (Male) |
| 8:55 | Crear | Fishing Ship |
| 8:55 | Crear | Fishing Ship |
| 9:10 | Crear | Villager (Male) |
| 9:23 | Construir | Mining Camp |
| 9:32 | Construir | House |
| 9:43 | Crear | Villager (Male) |
| 10:21 | Construir | Lumber Camp |
| 10:31 | Investigar | Feudal Age |
| 10:31 | Investigar | Feudal Age |
| 11:26 | Construir | House |
| 11:50 | Construir | Dock |
| 11:58 | Crear | Villager (Male) |
| 12:38 | Crear | Villager (Male) |
| 12:41 | Edad | Edad Feudal |
| 12:48 | Construir | Blacksmith |
| 12:55 | Crear | Unit 2626 |
| 12:55 | Crear | Unit 2626 |
| 13:05 | Crear | Villager (Male) |
| 13:17 | Construir | Mill |
| 13:24 | Crear | Villager (Male) |
| 14:08 | Crear | Villager (Male) |
| 14:16 | Construir | Market |
| 14:48 | Crear | Villager (Male) |
| 15:12 | Crear | Villager (Male) |
| 15:14 | Construir | House |
| 15:45 | Crear | Villager (Male) |
| 15:54 | Construir | Watch Tower |
| 16:26 | Investigar | Castle Age |
| 16:26 | Investigar | Castle Age |
| 16:45 | Construir | Dock |
| 16:50 | Crear | Fishing Ship |
| 16:50 | Crear | Fishing Ship |
| 17:33 | Investigar | Double-Bit Axe |
| 17:43 | Construir | House |
| 17:46 | Construir | House |
| 18:11 | Construir | Mining Camp |
| 18:23 | Construir | House |
| 18:39 | Investigar | Fletching |
| 19:06 | Edad | Edad de los Castillos |
| 19:41 | Construir | Town Center |
| 19:51 | Investigar | Bow Saw |
| 19:53 | Crear | Villager (Male) |
| 19:53 | Crear | Villager (Male) |
| 20:00 | Crear | Longboat ×5 |
| 20:13 | Crear | Fishing Ship |
| 20:13 | Crear | Fishing Ship |
| 20:14 | Crear | Fishing Ship |
| 20:46 | Construir | Siege Workshop |
| 21:06 | Crear | Villager (Male) |
| 21:06 | Crear | Villager (Male) |
| 21:11 | Construir | Mining Camp |
| 21:26 | Crear | Mangonel |
| 21:30 | Crear | Villager (Male) |
| 21:30 | Crear | Villager (Male) |
| 21:38 | Crear | Fishing Ship |
| 21:39 | Crear | Fishing Ship |
| 21:54 | Crear | Villager (Male) |
| 21:55 | Crear | Villager (Male) |
| 22:07 | Construir | Dock |
| 22:28 | Crear | Villager (Male) |
| 22:37 | Crear | Villager (Male) |
| 22:38 | Crear | Villager (Male) |
| 23:12 | Construir | Town Center |
| 23:20 | Crear | Mangonel |
| 23:22 | Crear | Villager (Male) |
| 23:22 | Crear | Villager (Male) |
| 23:46 | Crear | Fishing Ship ×5 |
| 23:49 | Construir | House |
| 23:50 | Construir | House |
| 23:53 | Construir | House |
| 23:55 | Construir | House |
| 23:56 | Construir | House |
| 24:02 | Construir | Barracks |
| 24:06 | Investigar | Gold Mining |
| 24:36 | Construir | Archery Range |
| 24:47 | Crear | Spearman |
| 24:47 | Crear | Spearman |
| 24:49 | Crear | Villager (Male) |
| 24:49 | Crear | Villager (Male) |
| 24:49 | Crear | Villager (Male) |
| 25:19 | Crear | Villager (Male) |
| 25:19 | Crear | Villager (Male) |
| 25:27 | Construir | Archery Range |
| 25:29 | Investigar | Crossbowman (upgrade) |
| 25:36 | Crear | Villager (Male) |
| 25:37 | Crear | Villager (Male) |
| 25:47 | Construir | Town Center |
| 26:05 | Crear | Villager (Male) |
| 26:06 | Crear | Villager (Male) |
| 26:31 | Crear | Archer ×3 |
| 26:33 | Crear | Villager (Male) |
| 26:33 | Crear | Villager (Male) |
| 26:35 | Construir | House |
| 26:36 | Construir | House |
| 26:36 | Construir | House |
| 26:48 | Construir | Lumber Camp |
| 26:58 | Construir | Farm |
| 27:00 | Construir | Farm |
| 27:02 | Construir | Farm |
| 27:10 | Crear | Villager (Male) |
| 27:10 | Crear | Villager (Male) |
| 27:10 | Crear | Villager (Male) |
| 27:11 | Crear | Villager (Male) |
| 27:11 | Crear | Villager (Male) |
| 27:26 | Construir | Farm |
| 27:26 | Construir | Farm |
| 27:26 | Construir | Farm |
| 27:26 | Construir | Farm |
| 27:30 | Construir | Mill |
| 27:31 | Construir | Farm |
| 27:46 | Crear | Archer ×4 |
| 27:47 | Crear | Villager (Male) |
| 27:48 | Crear | Villager (Male) |
Cronología de la partida
| 0:20 | ademcalis18 · first_building Dock |
| 0:31 | HR petro · first_building Dock |
| 0:35 | Mangonelson Mandela · first_building Dock |
| 3:13 | HR Benja23 · first_building Dock |
| 3:49 | Mangonelson Mandela · wall_segment Palisade Wall x1 |
| 3:53 | Mangonelson Mandela · wall_segment Palisade Wall x1 |
| 6:03 | HR Benja23 · wall_segment Palisade Wall x1 |
| 6:06 | HR Benja23 · wall_segment Palisade Wall x1 |
| 6:11 | HR Benja23 · wall_segment Palisade Wall x1 |
| 6:14 | HR Benja23 · wall_segment Palisade Wall x1 |
| 6:17 | HR Benja23 · wall_segment Palisade Wall x1 |
| 6:22 | HR Benja23 · wall_segment Palisade Wall x1 |
| 10:59 | HR petro · wall_segment Palisade Wall x1 |
| 11:57 | HR petro · age_up feudal |
| 11:58 | ademcalis18 · age_up feudal |
| 12:41 | Mangonelson Mandela · age_up feudal |
| 13:15 | HR petro · wall_segment Palisade Wall x1 |
| 13:15 | HR petro · wall_segment Palisade Wall x1 |
| 13:16 | HR petro · wall_segment Palisade Wall x1 |
| 13:17 | HR petro · wall_segment Palisade Wall x1 |
| 14:18 | ademcalis18 · first_market_buy 100 food |
| 14:19 | HR Benja23 · age_up feudal |
| 14:37 | ademcalis18 · first_market_sell 100 stone |
| 14:39 | HR petro · first_market_sell 100 wood |
| 15:40 | HR petro · wall_segment Palisade Wall x1 |
| 15:41 | HR petro · wall_segment Palisade Wall x1 |
| 15:42 | HR petro · wall_segment Palisade Wall x1 |
| 15:42 | HR petro · wall_segment Palisade Wall x1 |
| 17:04 | ademcalis18 · age_up castle |
| 17:07 | HR petro · age_up castle |
| 17:08 | ademcalis18 · first_building Castle |
| 17:34 | HR petro · first_market_buy 100 stone |
| 17:48 | HR petro · first_building Castle |
| 17:57 | HR petro · first_building Monastery |
| 17:59 | HR Benja23 · first_market_buy 100 stone |
| 18:02 | HR Benja23 · age_up castle |
| 18:12 | HR Benja23 · first_building Castle |
| 18:40 | HR Benja23 · first_market_sell 100 wood |
| 19:06 | Mangonelson Mandela · age_up castle |
| 20:46 | Mangonelson Mandela · first_building Siege Workshop |
| 20:58 | ademcalis18 · first_building Monastery |
| 21:13 | HR petro · first_building Siege Workshop |
| 21:56 | ademcalis18 · first_building Barracks |
| 22:11 | HR Benja23 · first_building Siege Workshop |
| 22:19 | HR Benja23 · first_building Monastery |
| 24:02 | Mangonelson Mandela · first_building Barracks |
| 24:36 | Mangonelson Mandela · first_building Archery Range |
| 25:48 | ademcalis18 · first_building Siege Workshop |
| 26:14 | ademcalis18 · first_building Stable |
| 27:33 | ademcalis18 · wall_segment Stone Wall x1 |
| 30:48 | Mangonelson Mandela · first_building Castle |
| 31:41 | HR petro · first_building Barracks |
| 32:12 | HR petro · age_up imperial |
| 33:07 | HR Benja23 · first_building Barracks |
| 34:01 | ademcalis18 · resign |
[ ANÁLISIS IA · 1 CRÉDITO ]
¿Qué pasó realmente en esta partida?
Wolo.gg analiza cada decisión: build order, eco, micro, errores típicos por bracket. Análisis personalizado por WhatsApp o Discord en 30 segundos.
Guía civ
Persas
Perfil
Jugador #2549122